 Dungeon Crawl Stone Soup version 0.27.1 (webtiles) character file.

Game seed: 12364199279399760211

235 ZARRMARR the Chiller (level 6, -1/43 HPs)
             Began as a Merfolk Ice Elementalist on Aug 28, 2021.
             Was an Initiate of Sif Muna.
             Slain by a black bear (9 damage)
             ... on level 5 of the Dungeon.
             The game lasted 00:16:41 (4193 turns).

ZARRMARR the Chiller (Merfolk Ice Elementalist)     Turns: 4193, Time: 00:16:42

Health: -1/43      AC:  3    Str: 14    XL:     6   Next: 6%
Magic:  3/11       EV: 13    Int: 16    God:    Sif Muna [......]
Gold:   161        SH:  0    Dex: 15    Spells: 11/12 levels left

rFire    . . .     SeeInvis +   c - +0 trident
rCold    . . .     Faith    .   (no shield)
rNeg     . . .     Spirit   .   q - +1 robe of Woud Xucovi {SInv}
rPois    .         Reflect  .   (no helmet)
rElec    .         Harm     .   e - scarf {+Inv}
rCorr    +         Rampage  .   (no gloves)
Will     .....                  (no boots)
Stlth    ++........             (no amulet)
HPRegen  0.14/turn              i - ring of resist corrosion
MPRegen  0.12/turn              m - +6 ring of strength

@: no status effects
A: (nimble swimmer 2), mertail
a: Renounce Religion, Evoke Invisibility


You were on level 5 of the Dungeon.
You worshipped Sif Muna.
Sif Muna was noncommittal.
You visited 2 branches of the dungeon, and saw 6 of its levels.

You collected 161 gold pieces.

Inventory:

Hand Weapons
 c - a +0 trident (weapon)
Armour
 e - a scarf of invisibility (worn)
 q - the +1 robe of Woud Xucovi (worn) {SInv}
   (You found it on level 4 of the Dungeon)

   SInv:      It lets you see invisible.
Jewellery
 i - a ring of resist corrosion (left hand)
 j - a ring of fire
 m - a +6 ring of strength (right hand)
Wands
 p - a wand of charming (4)
Scrolls
 g - a scroll of enchant weapon
 k - a scroll of amnesia {unknown}
 r - a scroll of immolation
Potions
 a - 2 potions of berserk rage {unknown}
 b - a potion of magic {unknown}
 d - 2 potions of degeneration {unknown}
 f - 2 potions of resistance {unknown}
 h - a potion of brilliance {unknown}


   Skills:
 + Level 1.0 Fighting
 + Level 3.2 Polearms
 + Level 3.4 Dodging
 - Level 2.1 Stealth
 + Level 3.8 Spellcasting
 - Level 5.5 Ice Magic


You had 11 spell levels left.
You knew the following spells:

 Your Spells              Type           Power      Damage    Failure   Level
a - Freeze                Ice            80%        1d9       1%          1

Your spell library contained the following spells:

 Spells                   Type           Power      Damage    Failure   Level
 Frozen Ramparts          Ice            40%        1d6       5%          3
 Ozocubu's Armour         Ice            20%        N/A       5%          3
 Beastly Appendage        Tmut           6%         N/A       17%         1
 Wereblood                Tmut           3%         N/A       26%         2
 Spider Form              Tmut/Pois      1%         N/A       45%         3
 Hailstorm                Conj/Ice       12%        3d5       47%         4
 Iskenderun's Battlesphe  Conj           3%         2d6       99%         5
 Iron Shot                Conj/Erth      1%         9d1       100%        6
 Spellforged Servitor     Conj/Summ      1%         N/A       100%        7


Dungeon Overview and Level Annotations

Branches:
Dungeon (5/15)             Temple (1/1) D:5

Altars:
Ashenzari
Cheibriados
Dithmenos
Elyvilon
Fedhas
Gozag
Hepliaklqana
Kikubaaqudgha
Makhleb
Nemelex Xobeh
Okawaru
Qazlal
Ru
Sif Muna
Trog
Uskayaw
Vehumet
Wu Jian
Xom
Yredelemnul
Zin

Shops:
D:3 (

Annotations:
D:5 1 transporter


Innate Abilities, Weirdness & Mutations

((You are quick and stealthy near water. (Stealth+, EV+, Speed+++)))
Your lower body shifts to a powerful aquatic tail in water.


Message History

Aiming: Freeze (safe; 1% risk of failure)
Press: ? - help, Shift-Dir - straight line, f/p - black bear
Aim: a black bear (heavily wounded)
You freeze the black bear!
The black bear is severely wounded.
The black bear goes berserk!
Unknown command.
Casting: Freeze (safe; 1% risk of failure)
Confirm with . or Enter, or press ? or * to list all spells.
Aiming: Freeze (safe; 1% risk of failure)
Press: ? - help, Shift-Dir - straight line, f/p - black bear
Aim: a black bear (severely wounded, berserk)
You freeze the black bear.
The black bear is almost dead.
The black bear barely misses you. The black bear completely misses you.
The black bear closely misses you.
Casting: Freeze (safe; 1% risk of failure)
Confirm with . or Enter, or press ? or * to list all spells.
Aiming: Freeze (safe; 1% risk of failure)
Press: ? - help, Shift-Dir - straight line, f/p - black bear
Aim: a black bear (almost dead, berserk)
You freeze the black bear!
The black bear is almost dead.
The black bear bites you!
* * * LOW HITPOINT WARNING * * *
The black bear misses you. The black bear claws you.
* * * LOW HITPOINT WARNING * * *
The black bear completely misses you.
The black bear claws you but does no damage.
The black bear claws you.
* * * LOW HITPOINT WARNING * * *
Casting: Freeze (safe; 1% risk of failure)
Confirm with . or Enter, or press ? or * to list all spells.
Aiming: Freeze (safe; 1% risk of failure)
Press: ? - help, Shift-Dir - straight line, f/p - black bear
Aim: a black bear (almost dead, berserk)
You freeze the black bear.
The black bear is almost dead.
The black bear bites you!
You die...

# # .# # ###. #### #.$
..# #.######### #.#
#.......... #.#
#..######## #.8
#######..##@..# #..
.........##h#.###
########.8
#######.#...#...#
#........# #...#####.#
#.######.#
###...#...###.######.#
###.#..............#
............########
############# #


You could see a black bear (berserk).

Vanquished Creatures
  A water moccasin zombie (D:5)
  A hound (D:2)
  A gnoll shaman (D:5)
  A gnoll (D:4)
  5 adders
  A worm (D:2)
  4 dart slugs
  3 orcs
  7 bats
  An endoplasm (D:2)
  2 giant cockroaches
  2 goblins
  6 hobgoblins
  6 quokkas
  6 ball pythons
  5 frilled lizards
  7 kobolds
  A quokka skeleton (D:4)
  6 rats
66 creatures vanquished.

Vanquished Creatures (others)
  An ufetubus (D:5)
1 creature vanquished.

Grand Total: 67 creatures vanquished

Notes
Turn   | Place    | Note
-------+----------+-------------------------------------------
     0 | D:1      | ZARRMARR the Merfolk Ice Elementalist began the quest for
                  | the Orb.
     0 | D:1      | Reached XP level 1. HP: 13/13 MP: 3/3
   142 | D:1      | Reached XP level 2. HP: 19/19 MP: 1/5
   577 | D:1      | Reached skill level 5 in Ice Magic
   862 | D:1      | Reached XP level 3. HP: 24/24 MP: 6/6
  1925 | D:2      | Reached XP level 4. HP: 29/30 MP: 4/8
  2135 | D:2      | Reached skill level 1 in Polearms
  2706 | D:3      | Found a sparkling altar of Nemelex Xobeh.
  2727 | D:3      | Reached XP level 5. HP: 36/36 MP: 7/9
  2767 | D:3      | Found Kyamesurr's Weapon Boutique.
  3330 | D:4      | Identified the +1 robe of Woud Xucovi {SInv}
  3545 | D:5      | Entered Level 5 of the Dungeon
  3771 | D:5      | Noticed an ogre
  3807 | D:5      | Found a transporter.
  3809 | D:5      | Noticed a yak
  3811 | D:5      | Noticed a yak
  3816 | D:5      | Reached skill level 1 in Fighting
  3816 | D:5      | Reached XP level 6. HP: 18/43 MP: 11/11
  3818 | D:5      | Found a staircase to the Ecumenical Temple.
  3821 | Temple   | Entered the Ecumenical Temple
  4055 | Temple   | Became a worshipper of Ru the Awakened
  4094 | Temple   | Fell from the grace of Ru
  4094 | Temple   | Became a worshipper of Sif Muna the Loreminder
  4181 | D:4      | Noticed a black bear
  4193 | D:5      | Slain by a black bear

Illustrated notes

Levels and vault maps discovered:
D:1:      lightli_arrival_boilingwater, layout_loops_ring
D:2:      layout_loops_corners, amethyst_killhole, minivault_19
D:3:      layout_loops_ring, serial_shops, nicolae_diamond_shop,
          kennysheep_doodads, kennysheep_flooded_box
D:4:      layout_loops_cross, serial_shops, kennysheep_mini_moat,
          guppyfry_shop_venom
D:5:      gammafunk_wand_slinger, layout_loops_ring, lemuel_temple_firewalk_a
Temple:   nicolae_temple_the_god_donut

Skill      XL: |  1  2  3  4  5 |
---------------+----------------+-----
Ice Magic      | 5 |  5.5
Dodging        | 3 |  3.4
Polearms       | 1 3 |  3.2
Spellcasting   | 3 |  3.8
Fighting       | 1 |  1.0
Stealth        | |  2.1

Action                   |  1- 3 |  4- 6 || total
-------------------------+-------+-------++-------
Melee: Unarmed           |    11 |       ||    11
       Trident           |    23 |    45 ||    68
       Dagger            |     3 |       ||     3
 Cast: Freeze            |    36 |    42 ||    78
  Use: Scroll            |     1 |     7 ||     8
 Stab: Sleeping          |     6 |    14 ||    20
Armor: Robe              |     4 |     9 ||    13
Dodge: Dodged            |    23 |    51 ||    74
